 Dungeon Crawl Stone Soup version 0.30-a0-1160-g6e42c06551 (webtiles) character file.

Game seed: 9779290957021483312

134 BigDaddyOpFi the Trooper (level 5, -3/47 HPs)
             Began as a Hill Orc Fighter on Apr 25, 2023.
             Was an Initiate of Beogh.
             Killed from afar by an orc wizard (7 damage)
             ... with a puff of flame
             ... on level 3 of the Dungeon.
             The game lasted 00:02:20 (1949 turns).

BigDaddyOpFi the Trooper (Hill Orc Fighter)         Turns: 1949, Time: 00:02:21

Health: -3/47      AC: 11    Str: 23    XL:     5   Next: 17%
Magic:  5/5        EV:  7    Int:  8    God:    Beogh [......]
Gold:   88         SH: 10    Dex: 18    Spells: 4/4 levels left

rFire   x . .        d - +8 dagger "Diucsocs" {protect, *Corrode Drain Str+2 Dex+8}
rCold   + . .        p - +0 kite shield
rNeg    . . .        k - +0 chain mail
rPois   .            n - +0 helmet
rElec   .            (no cloak)
rCorr   .            (no gloves)
SInv    .            (no boots)
Will    .....        (no amulet) Stlth
                     f - ring of ice
HPRegen 0.27/turn    (no ring)
MPRegen 0.09/turn

%: corrode self (3%)
@: unable to read
A: shaggy fur 1, inability to read after injury 1
a: Renounce Religion


You were on level 3 of the Dungeon.
You worshipped Beogh.
Beogh was noncommittal.
You visited 1 branch of the dungeon, and saw 3 of its levels.

You collected 88 gold pieces.

Inventory:

Hand Weapons
 a - a +0 war axe of freezing
 d - the +8 dagger "Diucsocs" (weapon) {protect, *Corrode Drain Str+2 Dex+8}
   (You found it on level 2 of the Dungeon)

   Str:       It affects your strength (+2).
   Dex:       It affects your dexterity (+8).
   *Corrode:  It may corrode you when you take damage.
   Drain:     It drains your maximum health when unequipped.
Armour
 k - a +0 chain mail (worn)
 n - a +0 helmet (worn)
 p - a +0 kite shield (worn)
Jewellery
 f - a ring of ice (left hand)
Wands
 q - a wand of light (1)
Scrolls
 b - a scroll of brand weapon
 e - a scroll of amnesia {unknown}
 h - a scroll of fog {unknown}
 j - 2 scrolls of teleportation
 l - a scroll of noise {unknown}
Potions
 c - a potion of lignification {unknown}
 g - a potion of mutation
 m - a potion of cancellation {unknown}
 o - a potion of flight {unknown}


   Skills:
 + Level 4.4 Fighting
 + Level 0.5 Short Blades
 - Level 3.8 Axes
 + Level 4.0 Armour
 * Level 1.1 Stealth
 + Level 4.2 Shields


You had 4 spell levels left.
You didn't know any spells.
Your spell library contained the following spells:

 Spells                   Type           Power      Damage    Failure   Level
 Sandblast                Erth           0%         2d4       99%         1
 Ensorcelled Hibernation  Hex/Ice        0%         N/A       100%        2
 Passwall                 Tmut/Erth      0%         N/A       100%        2
 Stone Arrow              Conj/Erth      0%         3d7       100%        3
 Summon Ice Beast         Ice/Summ       0%         N/A       100%        4
 Freezing Cloud           Conj/Ice/Air   0%         6-21      100%        5


Dungeon Overview and Level Annotations

Branches:
Dungeon (3/15)

Altars:
Ashenzari
Ru
Uskayaw


Innate Abilities, Weirdness & Mutations

You are covered in fur. (AC +1)
You occasionally lose the ability to read scrolls when taking damage.


Message History

The orc wizard is moderately wounded.
You block the orc's attack. The orc closely misses you.
The orc wizard hits you but does no damage.
It was a potion of mutation.
You feel extremely strange.
You occasionally lose the ability to read scrolls when taking damage.
Fur sprouts all over your body. You block the orc's attack.
The orc hits you with a +0 club.
* * * LOW HITPOINT WARNING * * *
The orc wizard casts a spell at you. You resist with some effort.
It was a potion of curing.
You feel better. You block the orc's attack. The orc barely misses you.
You block the orc wizard's attack.
You feel better. You block the orc's attack.
The orc hits you but does no damage. The orc wizard completely misses you.
As you read the scroll of fear, it crumbles to dust.
You assume a fearsome visage.
The orc looks frightened!
The orc wizard looks frightened!
The orc looks frightened!
The orc wizard mumbles some strange words.
The orc wizard flickers and vanishes!
Deactivating autopickup; reactivate with Ctrl-A.
You hit something.
Your weapon exudes an aura of protection.
You hear some strange, mumbled words.
A puff of flame appears from out of thin air!
You block the puff of flame. Something hits you. Something hits you.
Something hits you but does no damage.
Found a silvery potion.
Something hits you but does no damage.
You hear some strange, mumbled words.
A puff of flame appears from out of thin air!
The puff of flame hits you! The fire burns you terribly!
You feel threatened and lose the ability to read scrolls!
* * * LOW HITPOINT WARNING * * *
There is a stone staircase leading up here.
You hear some strange, mumbled words.
A puff of flame appears from out of thin air!
The puff of flame hits you! The fire burns you terribly!
You die...
Beogh appreciates something's killing of a heretic priest.

#.....o.
#.......
###.....o.
........##
#.......#
#.......#
#.......#
#....@#
##...###
#..{...#
##......# #
##......:#
#.
##).......#
#..##
##..###.####
#...##..##
..# #....##
.##


You could see 2 orcs.

Vanquished Creatures
  An orc priest (D:3)
  5 adders
  A worm (D:2)
  2 dart slugs (D:1)
  An orc (D:3)
  3 ball pythons
  8 bats
  4 endoplasms
  2 giant cockroaches (D:1)
  4 goblins
  3 hobgoblins
  A jackal (D:1)
  A quokka (D:1)
  6 frilled lizards
  7 kobolds
  4 rats
53 creatures vanquished.

Vanquished Creatures (others)
  An orc (D:3)
  A goblin (D:3)
  A plant (D:1)
3 creatures vanquished.

Grand Total: 56 creatures vanquished

Notes
Turn   | Place    | Note
-------+----------+-------------------------------------------
     0 | D:1      | BigDaddyOpFi the Hill Orc Fighter began the quest for the
                  | Orb.
     0 | D:1      | Reached XP level 1. HP: 19/19 MP: 1/1
   134 | D:1      | Reached XP level 2. HP: 23/27 MP: 2/2
   339 | D:1      | Reached XP level 3. HP: 33/33 MP: 3/3
   920 | D:2      | Got the Omnibus of Assistive Algor
  1025 | D:2      | Reached XP level 4. HP: 32/40 MP: 4/4
  1271 | D:2      | Identified the +8 dagger "Diucsocs" {protect, *Corrode
                  | Drain Str+2 Dex+8}
  1701 | D:3      | Became a worshipper of Beogh the Brigand
  1745 | D:3      | Found a broken altar of Ashenzari.
  1747 | D:3      | Found a sacrificial altar of Ru.
  1751 | D:3      | Found a hide-covered altar of Uskayaw.
  1933 | D:3      | Reached skill level 1 in Stealth
  1933 | D:3      | Reached XP level 5. HP: 23/47 MP: 5/5
  1936 | D:3      | Gained mutation: You occasionally lose the ability to read
                  | scrolls when taking damage. [potion of mutation]
  1936 | D:3      | Gained mutation: You are covered in fur. (AC +1) [potion of
                  | mutation]
  1949 | D:3      | Killed from afar by an orc wizard

Illustrated notes

Levels and vault maps discovered:
D:1:      dpeg_chamrin_arrival_tetris, layout_rooms, serial_bayou_pond_a,
          minmay_tromino_v2
D:2:      layout_loops_corners
D:3:      layout_rooms, chequers_temple_overflow_statue_of_worship

Skill      XL: |  1  2  3  4 |
---------------+-------------+-----
Axes           | 3 |  3.8
Fighting       | 4 |  4.4
Shields        | 4 |  4.2
Armour         | 4 |  4.0
Stealth        | 1 |  1.1
Short Blades   | |  0.5

Action                     |  1- 3 |  4- 6 || total
---------------------------+-------+-------++-------
  Melee: War axe           |    88 |    32 ||   120
         Dagger            |       |    42 ||    42
 Invoke: Convert to Beogh  |       |     1 ||     1
    Use: Scroll            |     2 |     2 ||     4
         Potion            |     1 |     3 ||     4
 Armour: Scale mail        |    40 |       ||    40
         Chain mail        |    10 |    52 ||    62
  Dodge: Dodged            |    36 |    22 ||    58
  Block: Buckler           |    28 |    11 ||    39
         Kite shield       |       |    17 ||    17

Table legend: (Time is in decaauts)
 A = Elapsed time spent in this place.
 B = Non-inter-level travel time spent in this place.
 C = Inter-level travel time spent in this place.
 D = Time resting spent in this place.
 E = Time spent auto-exploring this place.
 F = Levels seen in this place.
 G = Mean time per level.
                   A        B        C        D        E       F      G
               +--------+--------+--------+--------+--------+-----+--------+
         Total |   1995 |   1917 |     78 |      0 |   1434 |   3 |  665.0 |
       Dungeon |   1995 |   1917 |     78 |      0 |   1434 |   3 |  665.0 |
               +--------+--------+--------+--------+--------+-----+--------+

Top non-repeatable levels by time:
     D:2: 1007 daAuts
     D:1: 733 daAuts
     D:3: 253 daAuts
